 Dungeon Crawl Stone Soup version 0.15.2 (webtiles) character file.

819 Huymann the Insei (level 7, -6/58 HPs)
             Began as a White Draconian Transmuter on Feb 16, 2015.
             Was an Initiate of Vehumet.
             Killed by divine providence
             ... invoked by an orc priest
              (16 damage)
             ... on Level 5 of the Dungeon.
             The game lasted 00:41:46 (7494 turns).

Huymann the Insei (White Draconian Transmuter)      Turns: 7494, Time: 00:41:47

HP  -6/58        AC  9     Str 12      XL: 7   Next: 63%
MP  14/15        EV 14     Int 13      God: Vehumet [......]
Gold 317         SH  0     Dex 14      Spells:  3 memorised,  6 levels left

rFire  . . .     SeeInvis .       - Unarmed
rCold  + . .     Clarity  .     (armour unavailable)
rNeg   . . .     rCorr    .     (no shield)
rPois  .         rRot     .     (helmet restricted)
rElec  .         Spirit   .     (no cloak)
SustAb .         Warding  .     (no gloves)
rMut   .         Stasis   .     n - +2 pair of boots
Gourm  .                        (no amulet)
MR     .....                    (no ring)
                                (no ring)

@: appendage, not resistant to hostile enchantments, unstealthy
A: breathe frost, unfitting armour, horns 2, cold resistance 1, cold-blooded, AC
+6
a: Breathe Frost, End Transformation, Renounce Religion


You were on level 5 of the Dungeon.
You worshipped Vehumet.
Vehumet was noncommittal.
You were not hungry.
You had grown temporary horns.
You visited 2 branches of the dungeon, and saw 6 of its levels.

You collected 317 gold pieces.

Inventory:

Hand weapons
 h - a -1 dagger
 v - a +2 vampiric short sword
Missiles
 b - 83 arrows
 f - 18 arrows of flame
 l - 30 poisoned needles
 p - 8 javelins (quivered)
Armour
 n - a +2 pair of boots (worn)
 o - a +1 pair of boots
Comestibles
 a - 2 bread rations
 c - 2 chunks of worm flesh
 q - a meat ration
Scrolls
 e - a scroll of teleportation {unknown}
 k - 3 scrolls of recharging
 m - a scroll of identify
 s - a scroll of holy word {unknown}
 y - a scroll of immolation
Jewellery
 r - a cursed ring of teleportation
Potions
 g - 2 potions of haste
 i - a potion of restore abilities {unknown}
 t - a potion of poison {unknown}
 u - a potion of might {unknown}
 w - a potion of lignification {unknown}
 x - a potion of confusion {unknown}
Books
 d - a book of Changes

   Spells                             Type                      Level
   *Beastly Appendage                 Transmutation                1
   *Sticks to Snakes                  Transmutation                2
   Spider Form                        Transmutation/Poison         3
   *Ice Form                          Ice/Transmutation            4
   Blade Hands                        Transmutation                5


   Skills:
 * Level 3.9 Fighting
 + Level 3.8 Dodging
 * Level 2.7 Stealth
 * Level 5.0 Unarmed Combat
 * Level 3.5 Spellcasting
 * Level 3.6 Transmutations


You had 6 spell levels left.
You knew the following spells:

 Your Spells              Type           Power        Failure   Level  Hunger
a - Beastly Appendage     Trmt           ##....       8%          1    #......
b - Sticks to Snakes      Trmt           ##........   10%         2    ##.....
c - Ice Form              Ice/Trmt       #.......     91%         4    #####..


Dungeon Overview and Level Annotations

Branches:
Dungeon (5/15)             Temple (1/1) D:5

Altars:
Ashenzari
Cheibriados
Dithmenos
Elyvilon
Fedhas
Nemelex Xobeh
Trog
Vehumet
Zin
The Shining One

Annotations:
D:5 ghwc's ghost, average MiCK


Innate Abilities, Weirdness & Mutations

You can breathe waves of freezing cold.
You can buffet flying creatures when you breathe cold.
Your icy white scales are hard (AC +6).
Your body does not fit into most forms of armour.
Your flesh is cold resistant.
Your cold-blooded metabolism reacts poorly to cold.
You have a pair of horns on your head.


Message History

The orc priest is moderately wounded.
The orc priest hits you but does no damage.
Use which ability? (? or * to list)
Press: ? - help, Shift-Dir - straight line, f - orc priest
Aim: an orc priest wearing a leather armour (moderately wounded)
You fail to use your ability.
The orc priest hits you.
* * * LOW HITPOINT WARNING * * *
Casting: Beastly Appendage
Confirm with . or Enter, or press ? or * to list all spells.
You grow a pair of large bovine horns.
The orc priest barely misses you.
You barely miss the orc priest.
The orc priest is moderately wounded.
The orc priest hits you.
* * * LOW HITPOINT WARNING * * *
You hit the orc priest but do no damage.
You headbutt the orc priest, but do no damage.
The orc priest is moderately wounded.
The orc priest invokes the aid of Beogh against you.
Something smites you!
You die...

#.. #.... #.#.## #....
#o..## #############
#...o #...........#
#..#
#.#########.#######..#
#........<......@oo..#
#.#########.#######.##
#.# #.. .... #.# ####
..(### #.# #.### #.#
#. #.# #. #.## # #..#


You could see 2 orc priests.

Vanquished Creatures
  Sigmund (D:4)
  The ghost of Thrillho the Slasher, an average NaFi (D:4)
  A scorpion (D:5)
  A hound (D:5)
  3 orc wizards
  2 orc priests
  An iguana (D:5)
  4 worker ants
  A worker ant zombie (D:5)
  6 gnolls
  9 adders
  A giant mite (D:5)
  A shadow imp (D:4)
  2 worms
  3 oozes
  18 orcs
  14 bats
  6 giant cockroaches
  14 hobgoblins
  14 jackals
  4 quokkas
  3 ball pythons
  11 giant geckos
  3 giant newts
  17 goblins
  A hobgoblin skeleton (D:4)
  11 kobolds
  A kobold skeleton (D:5)
  7 rats
161 creatures vanquished.

Vanquished Creatures (collateral kills)
  An adder (D:4)
  An orc (D:3)
2 creatures vanquished.

Vanquished Creatures (others)
  2 plants (D:5)
2 creatures vanquished.

Grand Total: 165 creatures vanquished

Notes
Turn   | Place    | Note
--------------------------------------------------------------
     0 | D:1      | Huymann, the Draconian Transmuter, began the quest for the Orb.
     0 | D:1      | Reached XP level 1. HP: 16/16 MP: 3/3
   259 | D:1      | Reached XP level 2. HP: 18/23 MP: 2/4
   839 | D:1      | Reached XP level 3. HP: 23/28 MP: 6/6
  1120 | D:1      | Learned a level 2 spell: Sticks to Snakes
  1946 | D:2      | Reached XP level 4. HP: 13/36 MP: 2/7
  2831 | D:2      | Found a blossoming altar of Fedhas.
  2846 | D:2      | Reached skill level 4 in Unarmed Combat
  3420 | D:3      | Reached XP level 5. HP: 31/42 MP: 6/9
  3585 | D:3      | Reached skill level 1 in Stealth
  4567 | D:3      | Found a glowing golden altar of the Shining One.
  4671 | D:3      | Reached XP level 6. HP: 43/50 MP: 11/11
  5305 | D:4      | Noticed Sigmund
  5308 | D:5      | Entered Level 5 of the Dungeon
  5839 | D:5      | Noticed ghwc's ghost (average MiCK)
  6136 | D:4      | Your scales start taking on an icy white colour.
  6136 | D:4      | Gained mutation: Your flesh is cold resistant. [draconian maturity]
  6136 | D:4      | Reached XP level 7. HP: 22/57 MP: 11/14
  6166 | D:4      | HP: 1/57 [something/puff of flame (4)]
  6204 | D:4      | Killed Sigmund
  6673 | D:4      | Noticed Thrillho's ghost (average NaFi)
  6715 | D:4      | Killed Thrillho's ghost
  6769 | D:4      | Learned a level 4 spell: Ice Form
  7169 | D:5      | Found a staircase to the Ecumenical Temple.
  7181 | Temple   | Entered the Ecumenical Temple
  7245 | Temple   | Became a worshipper of Vehumet
  7298 | D:5      | Reached skill level 5 in Unarmed Combat
  7494 | D:5      | Killed from afar by an orc priest

Action                   |  1- 3 |  4- 6 |  7- 9 || total
-------------------------+-------+-------+-------++-------
Melee: Unarmed           |   159 |   393 |   150 ||   702
 Cast: Beastly Appendage |     7 |    26 |    14 ||    47
       Sticks to Snakes  |     2 |     9 |     1 ||    12
 Abil: Breathe Frost     |       |       |     3 ||     3
  Use: Scroll            |     4 |     9 |       ||    13
       Potion            |       |       |     4 ||     4
 Stab: Sleeping          |       |     4 |       ||     4
       Invisible         |       |       |     2 ||     2
  Eat: Chunk             |     4 |    14 |     1 ||    19
       Bread ration      |       |       |     1 ||     1
